Cogmind - Beta 11 @@@ ROGUE MODE // 2022.04.15 @ 14:46:42 Player: Infomantis Result: Destroyed by as-18217 with Assembled Blade Performance ------------- Evolutions (1) 500 Regions Visited (5) 1000 Robots Destroyed (23) 115 Value Destroyed (414) 414 Prototype IDs (40) 800 Alien Tech Used (0) 0 Bonus (93) 93 TOTAL SCORE: 2922 Bonus ------- Aligned with FarCom 300 Friendly Fire -207 Cogmind --------- Core Integrity 0/400 Matter 247/300 Energy 100/100 System Corruption 0% Temperature Cool (0) Movement Core (250) Ox4 Location -9/Exiles Parts ------- > --- POWER (1) -------- (None) > --- PROPULSION (2) --- (None) > --- UTILITY (4) ------ Medium Storage Unit Transport Network Coupler Power Shielding > --- WEAPON (2) ------- Makeshift Spear > --- INVENTORY (10) --- Heavy Ion Engine Light Treads Compact Wheel Improved Terrain Scanner Authchip [Processor] Authchip [Weapon] EM Pulse Gun EM Shotgun Rocket Launcher Datajack Peak State ------------ > --- POWER ------------ Ion Engine > --- PROPULSION ------- Light Treads Improved Treads > --- UTILITY ---------- Medium Storage Unit Seismic Detector Transport Network Coupler Power Shielding > --- WEAPON ----------- Improved Light Cannon Makeshift Spear > --- INVENTORY -------- Heavy Ion Engine Light Treads Compact Wheel Improved Terrain Scanner EM Pulse Gun EM Shotgun Rocket Launcher Deploy-a-Sentry Deploy-a-Sentry Deploy-a-Sentry [Rating: 17] Favorites ----------- Power Ion Engine Engine Ion Engine Propulsion Light Treads Treads Light Treads Utility Seismic Detector Device Seismic Detector Storage Medium Storage Unit Processor Transport Network Coupler Protection Power Shielding Weapon Improved Light Cannon Energy Gun EM Pulse Gun Ballistic Gun Assault Rifle Ballistic Cannon Improved Light Cannon Piercing Weapon Makeshift Spear Special Melee Weapon Datajack Build | -11 -10 -10 -9 -9 -9 ------- Run | Scr Mat Min Mat Min Exi Slots Evolved 2 | . . . 2 . . Power . | . . . . . . Propulsion . | . . . . . . Utility 2 | . . . 2 . . Weapon . | . . . . . . Parts Attached 32 | 9 2 . 11 3 7 Power 6 | 1 1 . 3 1 . Engine 6 | 1 1 . 3 1 . Core . | . . . . . . Reactor . | . . . . . . Propulsion 4 | 2 . . 2 . . Treads 4 | 2 . . 2 . . Leg . | . . . . . . Wheel . | . . . . . . Hover . | . . . . . . Flight . | . . . . . . Utility 6 | 3 1 . 2 . . Device 2 | 2 . . . . . Storage 2 | 1 1 . . . . Processor 1 | . . . 1 . . Hackware . | . . . . . . Protection 1 | . . . 1 . . Artifact . | . . . . . . Weapon 16 | 3 . . 4 2 7 Energy Gun 5 | 2 . . 1 1 1 Energy Cannon . | . . . . . . Ballistic Gun 4 | 1 . . 3 . . Ballistic Cannon 3 | . . . . 1 2 Launcher . | . . . . . . Special Weapon . | . . . . . . Impact Weapon . | . . . . . . Slashing Weapon . | . . . . . . Piercing Weapon 2 | . . . . . 2 Special Melee Weapon 2 | . . . . . 2 Unidentified Prototypes 2 | . . . 2 . . Parts Lost 7 | . . . 2 . 5 Power 1 | . . . . . 1 Propulsion 3 | . . . 1 . 2 Utility 1 | . . . . . 1 Weapon 2 | . . . 1 . 1 Highest Loss Streak 5 | . . . 2 . 5 To Critical Strikes 2 | . . . . . 2 Average Slot Usage (%) 96 | . 100 100 83 100 99 Engine 11 | . 14 14 11 11 10 Treads 23 | . 28 28 21 22 21 Device 11 | . 14 14 11 11 10 Storage 11 | . 14 14 11 11 11 Processor 7 | . . . 3 11 11 Protection 7 | . . . 3 11 11 Energy Gun 9 | . 14 14 11 11 5 Ballistic Gun 5 | . 14 14 10 2 . Ballistic Cannon 4 | . . . . 8 7 Piercing Weapon 1 | . . . . . 3 Special Melee Weapon 1 | . . . . . 5 Naked Turns . | . . . . . . Heaviest Build 23 | 13 20 20 20 23 23 Greatest Support 43 | 40 40 20 43 43 23 Greatest Overweight (x) . | . . . . . . Average Overweight (x) . | . . . . . . Largest Inventory Capacity 10 | 8 10 10 10 10 10 Average Capacity 9 | 7 9 10 10 10 10 Most Carried 10 | 7 10 10 10 10 10 Average Carried 9 | 5 8 10 9 9 9 Final Capacity 10 | 8 10 10 10 10 10 Final Carried 10 | 7 10 10 10 10 10 Class Distribution -------------------- 88% | Mutant 11% | Scavenger-Mutant Dominant Class ---------------- Mutant | -10/Materials Mutant | -10/Mines Mutant | -9/Materials Mutant | -9/Mines Mutant | -9/Exiles Resources | -11 -10 -10 -9 -9 -9 ----------- Run | Scr Mat Min Mat Min Exi Matter Collected 612 | 323 . 56 203 30 . Remotely 13 | 13 . . . . . Salvage Created 843 | 186 80 56 521 . . Parts 49 | 8 6 . 35 . . Haulers Intercepted 3 | . 1 . 2 . . Recyclers Shooed 3 | . . . 3 . . Parts Field Recycled . | . . . . . . Retrieved Matter . | . . . . . . Parts Self-Destructed . | . . . . . . Prevented . | . . . . . . Kills | -11 -10 -10 -9 -9 -9 ------- Run | Scr Mat Min Mat Min Exi Combat Hostiles Destroyed 12 | . 1 1 10 . . Guns 12 | . 1 1 10 . . Classes Destroyed 7 | 2 2 . 3 . . Builder 1 | . . . 1 . . Tunneler 5 | 5 . . . . . Hauler 3 | . 1 . 2 . . Recycler 2 | 1 . . 1 . . Swarmer 4 | . . . 4 . . Grunt 7 | . 1 1 5 . . Sentry 1 | . . . 1 . . Best Kill Streak 6 | 3 1 1 6 . . Combat Bots Only 4 | . 1 1 4 . . Max Kills in Single Turn 1 | 1 1 1 1 . . Gunslinging . | . . . . . . Exploded . | . . . . . . Melee . | . . . . . . Uniques/NPCs Destroyed . | . . . . . . Combat | -11 -10 -10 -9 -9 -9 -------- Run | Scr Mat Min Mat Min Exi Damage Taken 1668 | . 53 202 507 . 906 Core 460 | . 6 28 125 . 301 Absorbed by Shields . | . . . . . . Redirected to Shielding 28 | . . . 9 . 19 Core Remaining (%) 93 | 100 . 86 . . . Volleys Fired 81 | 11 11 10 47 . 2 Largest 2 | 2 2 2 2 . 1 Hottest 70 | 70 70 70 70 . 39 Shots Fired 149 | 22 22 20 83 . 2 Gun 147 | 22 22 20 83 . . Cannon 2 | . . . . . 2 Launcher . | . . . . . . Special . | . . . . . . Kinetic 70 | 11 11 10 36 . 2 Thermal 79 | 11 11 10 47 . . Explosive . | . . . . . . Electromagnetic . | . . . . . . Robot Hit Streak 8 | 6 3 4 8 . 4 Robot Miss Streak 3 | 1 3 2 2 . 1 Penetration Max . | . . . . . . Secondary Targets 1 | . . . 1 . . Max Gunslinging Chain 1 | . . . 1 . . Shots Hit Robots 118 | 17 11 13 61 . 16 Core Hits 44 | 7 4 3 28 . 2 Critical Kills . | . . . . . . Critical Parts Destroyed 1 | . . . 1 . . Critical Strikes 6 | 2 . 1 2 . 1 Burn 4 | 2 . 1 1 . . Destroy 1 | . . . 1 . . Impale 1 | . . . . . 1 Melee Attacks 23 | . . . . . 23 Impact . | . . . . . . Slashing . | . . . . . . Piercing 18 | . . . . . 18 Sneak Attacks 6 | . . . . . 6 Combat Hostiles . | . . . . . . Follow-up Attacks . | . . . . . . Damage Inflicted 1613 | 214 132 162 759 7 339 Guns 1229 | 214 132 162 721 . . Cannons 22 | . . . . . 22 Explosions 36 | . . . 36 . . Melee 317 | . . . . . 317 Ramming 9 | . . . 2 7 . Kinetic 586 | 100 82 76 306 . 22 Thermal 665 | 114 50 86 415 . . Explosive . | . . . . . . Electromagnetic 36 | . . . 36 . . Impact . | . . . . . . Slashing . | . . . . . . Piercing 317 | . . . . . 317 Highest Corruption . | . . . . . . Average Corruption . | . . . . . . Corruption Purged . | . . . . . . Corruption Blocked . | . . . . . . Overload Shots . | . . . . . . Overflow Damage . | . . . . . . Projectiles . | . . . . . . Explosions . | . . . . . . Melee . | . . . . . . Knockbacks . | . . . . . . Impact . | . . . . . . Kinetic . | . . . . . . Secondary . | . . . . . . Self-Inflicted Damage 33 | . . . 33 . . Shots 1 | . . . 1 . . Rammed 4 | . . . 2 2 . Targets Rammed 4 | . . . 2 2 . Kicked . | . . . . . . Crushed . | . . . . . . Highest Temperature 209 | 36 36 204 209 . . Average Temperature 41 | 15 13 107 29 . . Received Heat Transfer 369 | . 12 132 105 . 120 Siege Activations . | . . . . . . Robots Corrupted . | . . . . . . Combat Hostiles . | . . . . . . Parts Fried . | . . . . . . Impact Corruptions . | . . . . . . Robots Melted . | . . . . . . Combat Hostiles . | . . . . . . Parts Melted 2 | 1 . . 1 . . Heat Transferred 2081 | 481 148 333 1119 . . Parts Sabotaged . | . . . . . . Parts Stolen . | . . . . . . Parts Stripped . | . . . . . . Power Chain Reactions . | . . . . . . Missiles Intercepted . | . . . . . . Alert | -11 -10 -10 -9 -9 -9 ------- Run | Scr Mat Min Mat Min Exi Peak Influence 274 | 30 135 45 274 87 . Initial 87 | . 19 . 17 87 . Average 70 | 12 86 32 144 38 . Maximum Alert Level 1 | . . . 1 . . Low Security (%) 94 | 100 100 100 76 100 . Level 1 5 | . . . 23 . . Level 2 . | . . . . . . Level 3 . | . . . . . . Level 4 . | . . . . . . Level 5 . | . . . . . . High Security . | . . . . . . Max Security . | . . . . . . Squads Dispatched 7 | . 2 . 5 . . Investigation 3 | . 1 . 2 . . Extermination . | . . . . . . Reinforcement 4 | . 1 . 3 . . Assault . | . . . . . . Garrison . | . . . . . . Intercept . | . . . . . . Searches Triggered . | . . . . . . Construction Impeded . | . . . . . . Haulers Reinforced . | . . . . . . Active Scanning Responses . | . . . . . . Cargo Convoy Interrupts . | . . . . . . Stealth | -11 -10 -10 -9 -9 -9 --------- Run | Scr Mat Min Mat Min Exi Distress Signals 3 | . 1 . 2 . . Communications Jammed . | . . . . . . Distress Signals . | . . . . . . Times Spotted 35 | . 8 2 17 . 8 Peak Tracking Total 9 | . 5 2 7 . 9 Tactical Retreats 4 | . . 1 3 . . Traps | -11 -10 -10 -9 -9 -9 ------- Run | Scr Mat Min Mat Min Exi Traps Triggered . | . . . . . . Indirectly . | . . . . . . Trap Hack Attempts . | . . . . . . Triggered . | . . . . . . Disarmed . | . . . . . . Reprogrammed . | . . . . . . Reused . | . . . . . . Traps Extracted . | . . . . . . Installed . | . . . . . . Triggered . | . . . . . . Machines | -11 -10 -10 -9 -9 -9 ---------- Run | Scr Mat Min Mat Min Exi Machines Disabled 2 | . . . 2 . . Max in Single Turn 2 | . . . 2 . . Machines Sabotaged . | . . . . . . Garrisons Compromised . | . . . . . . Overloaded Fab Kills . | . . . . . . Hacking | -11 -10 -10 -9 -9 -9 --------- Run | Scr Mat Min Mat Min Exi Machines Accessed 8 | . 3 . 3 . 2 Terminals 3 | . 2 . 1 . . Fabricators . | . . . . . . Repair Stations . | . . . . . . Recycling Units 3 | . 1 . 2 . . Scanalyzers . | . . . . . . Garrison Access . | . . . . . . Total Hacks 20 | . 8 . 7 . 5 Successful 10 | . 3 . 2 . 5 Failed 10 | . 5 . 5 . . Catastrophic . | . . . . . . Database Lockouts . | . . . . . . Manual 10 | . 4 . 5 . 1 Terminals 8 | . 5 . 3 . . Fabricators . | . . . . . . Repair Stations . | . . . . . . Recycling Units 7 | . 3 . 4 . . Scanalyzers . | . . . . . . Garrison Access . | . . . . . . Terminal Hacks 6 | . 1 . . . 5 Record 4 | . . . . . 4 Branch Access Points 1 | . 1 . . . . EX-Prototype ID Bank 1 | . . . . . 1 Fabricator Hacks . | . . . . . . Repair Station Hacks . | . . . . . . Recycling Unit Hacks . | . . . . . . Scanalyzer . | . . . . . . Garrison Access Hacks . | . . . . . . Unauthorized Hacks 4 | . 2 . 2 . . Terminals 1 | . . . 1 . . Botnet 1 | . . . 1 . . Fabricators . | . . . . . . Repair Stations . | . . . . . . Recycling Units 3 | . 2 . 1 . . Recyclers 1 | . 1 . . . . Tunnel 2 | . 1 . 1 . . Scanalyzers . | . . . . . . Garrison Access . | . . . . . . Data Cores Recovered . | . . . . . . Used . | . . . . . . Hacking Detections 5 | . 3 . 2 . . Full Trace Events 1 | . . . 1 . . Feedback Events . | . . . . . . Feedback Blocked . | . . . . . . Robot Schematics Acquired . | . . . . . . Robots Built . | . . . . . . Authchips . | . . . . . . Time . | . . . . . . Total Robot Build Rating . | . . . . . . Part Schematics Acquired . | . . . . . . Parts Built . | . . . . . . Authchips . | . . . . . . Time . | . . . . . . Total Part Build Rating . | . . . . . . Parts Repaired . | . . . . . . Time . | . . . . . . Parts Recycled . | . . . . . . Recycled Matter . | . . . . . . Retrieved Matter . | . . . . . . Retrieved Components . | . . . . . . Parts Scanalyzed . | . . . . . . Part Schematics Acquired . | . . . . . . Parts Damaged . | . . . . . . Bothacking | -11 -10 -10 -9 -9 -9 ------------ Run | Scr Mat Min Mat Min Exi Used RIF Installer . | . . . . . . Robots Hacked 5 | . . . . . 5 Non-combat 3 | . . . . . 3 Combat 2 | . . . . . 2 Robot Hacks Applied 5 | . . . . . 5 parse_system 5 | . . . . . 5 Relay Couplers Released . | . . . . . . Fabnet Peak Effective % . | . . . . . . Robots Rewired . | . . . . . . Allies Hacked . | . . . . . . Hacks Repelled . | . . . . . . Allies | -11 -10 -10 -9 -9 -9 -------- Run | Scr Mat Min Mat Min Exi Total Allies 1 | . . . . 1 . Largest Group 1 | . . . . 1 . Highest-Rated Group 31 | . . . . 31 . Highest-Rated Ally 31 | . . . . 31 . Total Orders . | . . . . . . Ally Attacks 8 | . . . . . 8 Total Damage 432 | . . . . . 432 Kills 4 | . . . . . 4 Allies Corrupted . | . . . . . . Allies Melted 1 | . . . . . 1 Turrets Deployed 3 | . . . . . 3 Intel | -11 -10 -10 -9 -9 -9 ------- Run | Scr Mat Min Mat Min Exi Robot Analysis Total . | . . . . . . Derelict Logs Recovered 1 | . . . . 1 . Drone Launches . | . . . . . . Drone Recoveries . | . . . . . . Exploration | -11 -10 -10 -9 -9 -9 ------------- Run | Scr Mat Min Mat Min Exi Turns Passed 3899 | 194 419 373 635 899 1379 Spaces Moved 2200 | 91 237 211 299 544 818 Core 3 | 3 . . . . . Treads 2197 | 88 237 211 299 544 818 Legs . | . . . . . . Wheels . | . . . . . . Hover . | . . . . . . Flight . | . . . . . . Fastest Speed 50 | 50 160 160 160 160 160 Average Speed 159 | 156 160 160 160 160 160 Slowest Speed 160 | 160 160 160 160 160 160 Overloaded Moves . | . . . . . . Propulsion Burnouts . | . . . . . . Robots Hopped . | . . . . . . Cave-ins Triggered . | . . . . . . Exploration Rate (%) 50 | 6 43 45 32 99 77 Regions Visited 5 Branch Regions 3 Pre-discovered Areas 3 | . 1 . 1 . 1 Known Exits Taken 1 | . 1 . . . . Unknown Exits Taken 4 | 1 . 1 1 1 . Scrap Searched 3 | . . . . 3 . Spaces Dug . | . . . . . . Terrain Destroyed . | . . . . . . Melee . | . . . . . . Projectile . | . . . . . . AOE . | . . . . . . Terrain Rammed . | . . . . . . Walls Destroyed . | . . . . . . Machines Disabled . | . . . . . . Actions | -11 -10 -10 -9 -9 -9 --------- Run | Scr Mat Min Mat Min Exi Total 2415 | 117 256 227 375 574 866 Wait 31 | . . 7 6 18 . Move 2195 | 90 236 210 298 543 818 Hop . | . . . . . . Pick Up 24 | 6 4 . 3 3 8 Fast Attach 15 | 8 . . 6 1 . Attach 1 | . . . 1 . . Detach . | . . . . . . Swap 16 | 1 2 . 4 2 7 Drop 25 | 1 3 . 8 5 8 Fire 81 | 11 11 10 47 . 2 Melee 23 | . . . . . 23 Ram . | . . . . . . Kick . | . . . . . . Crush 4 | . . . 2 2 . Escape Stasis . | . . . . . . Rewire . | . . . . . . Trap . | . . . . . . Miscellaneous . | . . . . . . Route ------- -11/Scrapyard -10/Materials (discovered 3 exits: *Mat / *Min x2) -10/Mines -9/Materials -9/Mines (discovered 3 exits: [*Mat x2] / *Exi) -9/Exiles (discovered 1 exit: [*Min]) History --------- Turn | Location | Event 44 | -11/Scrapyard | Discovered new exit (range 16) 195 | -11/Scrapyard | Entered Materials 275 | -10/Materials | Identified exit to Mines 311 | -10/Materials | Build established: Mutant 507 | -10/Materials | Discovered new exit (range 10) 614 | -10/Materials | Entered Mines 830 | -10/Mines | Discovered new exit (range 7) 916 | -10/Mines | Assembled infested the area 987 | -10/Mines | Entered Materials 987 | -9/Materials | Evolved 2 slots: Utility x2 1598 | -9/Materials | Discovered new exit (range 16) 1622 | -9/Materials | Entered Mines 1631 | -9/Mines | Met a Derelict bent on vengeance 1699 | -9/Mines | Build established: Scavenger-Mutant 1720 | -9/Mines | Received a Mining Laser from a helpful Derelict 1856 | -9/Mines | A weapon hastily lodged in a ceiling crevice suddenly fell to the ground 1899 | -9/Mines | Learned Materials garrison access intel 1933 | -9/Mines | Discovered new exit (range 5) 1954 | -9/Mines | Discovered new exit (range 13) 2108 | -9/Mines | Received a Rocket Launcher from a helpful Derelict 2133 | -9/Mines | Build established: Mutant 2511 | -9/Mines | Deemed a non-threat by the Exiles lab entrance 2513 | -9/Mines | Discovered new exit (range 5) 2521 | -9/Mines | Entered Exiles 2545 | -9/Exiles | Discovered new exit (range 15) 2560 | -9/Exiles | Met 8R-AWN 2587 | -9/Exiles | Met EX-HEX 2648 | -9/Exiles | Met EX-DEC 2659 | -9/Exiles | Learned location of Zion (-6) 2686 | -9/Exiles | Met EX-BIN 2762 | -9/Exiles | Visited The Gauntlet 3219 | -9/Exiles | Aligned with FarCom system 3220 | -9/Exiles | Given EX-Vault access code 3259 | -9/Exiles | Opened EX-Vault 3273 | -9/Exiles | Found Deploy-a-Sentry 3275 | -9/Exiles | Found Deploy-a-Sentry 3278 | -9/Exiles | Found Deploy-a-Sentry 3319 | -9/Exiles | Warned to stay clear of 0b10 Research branches 3410 | -9/Exiles | DAS Turret deployed 3434 | -9/Exiles | DAS Turret deployed 3653 | -9/Exiles | DAS Turret deployed 3858 | -9/Exiles | Attacked by the Exiles 3888 | -9/Exiles | Core integrity fell below 50% 3894 | -9/Exiles | Core integrity fell below 20% 3900 | -9/Exiles | Destroyed by as-18217 with Assembled Blade Last Messages --------------- 03878_ Penetrated by HV Slug. 03878_ HV Slug penetrates Earth. 03880_ Penetrated by HV Slug. 03880_ HV Slug penetrates Earth. 03880_ HV Slug penetrates Wall. 03882_ Penetrated by HV Slug. 03882_ HV Slug penetrates Earth. 03882_ Penetrated by HV Slug. 03882_ Critical hit (Destroy). 03882_ Imp. Treads destroyed. 03882_ HV Slug penetrates Earth. 03882_ Ion Engine destroyed. 03884_ Penetrated by HV Slug. 03884_ HV Slug penetrates Earth. 03884_ Penetrated by HV Slug. 03885_ Imp. Light Cannon destroyed. 03885_ Lgt. Treads destroyed. 03887_ Penetrated by HV Slug. 03898_ HV Slug penetrates as-43401. 03898_ HV Slug penetrates as-96839. Map ----- +----------------------------------------------------+ | ""#??????????????????????????????????????????????? | | ""#??????????????????????????????????????????????? | | ""#??????????????????????????????????????????????? | | ""#??????????????????????????????????????????????? | | ""#??????????????????????????????????????????????? | | ""#??????????????????????????????????????????????? | | ""#??????????????????????????????????????????????? | | ""#??????????????????????????????????????????????? | | ""##?????????????????????????????????????????????? | | """"?????????????????????????????????????????????? | | ""##?????????????????????????????????????????????? | | """"?????????????????????????????????????????????? | | #??????????????????????????????????????????????? | | ""#??????????????????????????????????????????????? | | ###??????????????????????????????????????????????? | | ?????????????????????????????????????????????????? | | ??????????????????????????????????????????????? ?? | | ????????????????????????????????????????????? < # | | #########???????????????????????????????????? # | | """"""""##??????????????????????????????????? ? | | """ """"##?????????????????????????????????# #? | | "" " #???????????????????????????????## ## | | " """#???????????????????????????????# # | | " "#???????????#####???????????????# # | | " "##?????????##"%g#??????????????## ? | | ""###???????#"% @#?????????????## #?? | | """#??????##" a ##????????????# #?? | | "#????### "##????????### #??? | | ##???# a ########## #??? | | ##?## #""""## #???? | | ### * ##??? | | ## * #??? | | % a% ###; ##?? | | % %""#?# """"#### ### | | % # "##?#;#####??#### * # | | ######??? ??????????##### | | % ##???????? ??????????????### | | " % % ##????????? ????????????????### | | """ % ""#?????????? ??????????????????### | | ""#" % "##?????????? ???????????????????#" | | """##"""""""##??????????? ???????????????????#### | | ""###########???????????????????????????????????# | | ###?????????????????????????????????????????????## | | ?????????????????????????????????????????????????# | | ?????????????????????????????????????????????????? | | ?????????????????????????????????????????????????? | | ?????????????????????????????????????????????????? | | ?????????????????????????????????????????????????? | | ?????????????????????????????????????????????????? | | ?????????????????????????????????????????????????? | +----------------------------------------------------+ Best States ------------- Heat Dissipation 28 Energy Generation 10 Energy Capacity 250 Matter Stores 300 Matter Capacity 300 Sight Range 16 Terrain Scan Density 10 Power Shielding 33 Evasion (%) 40 Recoil Reduction 2 Authchip Count 2 Item Schematics ----------------- None Robot Schematics ------------------ None Fabricated ------------ Nothing Alien Tech Used ----------------- None Achievements -------------- None Challenges ------------ None Game ------ Seed StealthDecoyComputer Manual? 0 Play Time 00:24:50 Cumulative 150.9 hours Start 2022.04.15 @ 14:12:47 End 2022.04.15 @ 14:46:42 Sessions 1 Manual Loads 0 Difficulty Rogue Special Mode None Game No. 115 Rogue 95 Adventurer 6 Explorer 14 Win Type - Total 10 Types 6/0/1/1/0/0/1/1/0 Lore% 83 Gallery% 84 Achievement% 64 Wizard Run 0 Options --------- ASCII 0 Keyboard 0 Movement Numpad Keybinds 0 Fullscreen 1 Font 12/Fuzzy Map View 83x54 Tactical HUD 1 Map Filters NONE Filters NONE Steam 1 RUN: 4bb96fc7-d41f-4a9d-ac51-fd8b37353432